 Dungeon Crawl Stone Soup version 0.23.2 (webtiles) character file.

Game seed: 16881461705687020757

3676 night the Cruncher (level 10, -1/53 HPs)
             Began as a Gargoyle Gladiator on Apr 13, 2019.
             Was an Elder of Vehumet.
             Slain by a two-headed ogre
             ... wielding a +0 giant spiked club
              (17 damage)
             ... on level 8 of the Dungeon.
             The game lasted 00:20:20 (7294 turns).

night the Cruncher (Gargoyle Gladiator)             Turns: 7294, Time: 00:20:21

Health: -1/53      AC: 20    Str: 18    XL:     10   Next: 13%
Magic:  20/20      EV:  5    Int: 12    God:    Vehumet [****..]
Gold:   280        SH:  0    Dex: 11    Spells: 11/22 levels left

rFire    . . .     SeeInvis .   a - +1 quarterstaff
rCold    . . .     Gourm    .   (shield currently unavailable)
rNeg     + . .     Faith    +   y - +0 plate armour
rPois    ∞         Spirit   .   c - +0 helmet
rElec    +         Reflect  .   (no cloak)
rCorr    .         Harm     .   (no gloves)
MR       .....                  C - +1 pair of boots
Stlth    ..........             B - amulet of faith
HPRegen  0.17/turn              G - ring of wizardry
MPRegen  0.17/turn              k - ring of wizardry

@: no status effects
A: negative energy resistance 1, electricity resistance, unbreathing,
petrification resistance, rot immunity, AC +7
a: Renounce Religion


You were on level 8 of the Dungeon.
You worshipped Vehumet.
Vehumet was greatly pleased with you.
You were not hungry.

You visited 2 branches of the dungeon, and saw 9 of its levels.

You collected 280 gold pieces.

Inventory:

Hand Weapons
 a - a +1 quarterstaff (weapon)
 J - a +0 shortbow
Missiles
 d - 3 throwing nets (quivered)
 m - 188 arrows
 r - 54 bolts
Armour
 b - a +0 leather armour
 c - a +0 helmet (worn)
 y - a +0 plate armour (worn)
 C - a +1 pair of boots (worn)
Jewellery
 e - an uncursed amulet of regeneration
 i - an uncursed ring of positive energy
 k - a ring of wizardry (right hand)
 v - an uncursed ring of attention
 w - an uncursed ring of see invisible
 x - a -3 ring of intelligence
 B - an amulet of faith (around neck)
 G - a ring of wizardry (left hand)
Wands
 H - a wand of digging (7)
Scrolls
 h - 2 scrolls of identify
 j - a scroll of teleportation
 o - a scroll of enchant armour
 z - 2 scrolls of fear
 E - a scroll of amnesia
 K - 2 scrolls of remove curse
Potions
 g - a potion of curing
 l - a potion of mutation
 n - a potion of berserk rage {unknown}
 p - 4 potions of lignification
 s - a potion of resistance {unknown}
 t - 4 potions of haste
 u - 2 potions of flight {unknown}
 A - a potion of brilliance {unknown}
 D - a potion of might {unknown}
 F - a potion of ambrosia {unknown}
Comestibles
 f - 12 rations
 I - 6 chunks of flesh


   Skills:
 - Level 2.1 Fighting
 + Level 9.9 Staves
 - Level 1.7 Throwing
 - Level 2.4 Dodging
 + Level 6.9 Spellcasting
 + Level 6.7 Conjurations
 + Level 2.9 Air Magic


You had 11 spell levels left.
You knew the following spells:

 Your Spells              Type           Power        Failure   Level  Hunger
a - Magic Dart            Conj           ###.         7%          1    None
b - Mephitic Cloud        Conj/Pois/Air  ##......     52%         3    ###....
c - Static Discharge      Conj/Air       ###.....     34%         3    ###....
d - Airstrike             Air            ##........   88%         4    ####...

Your spell library contained the following spells:

 Spells                   Type           Power        Failure   Level  Hunger
 Olgreb's Toxic Radiance  Pois           #.......     99%         4    ####...
 Searing Ray              Conj           ###...       10%         2    #......
 Iskenderun's Mystic Bla  Conj           ###.....     45%         4    ####...
 Conjure Flame            Conj/Fire      ##......     50%         3    ###....
 Dazzling Spray           Conj/Hex       ##....       50%         3    ###....
 Stone Arrow              Conj/Erth      ##....       50%         3    ###....
 Sandblast                Erth           #.....       61%         1    None
 Force Lance              Conj/Tloc      ##......     85%         4    ####...
 Fulminant Prism          Conj/Hex       ##........   85%         4    ####...
 Summon Small Mammal      Summ           #...         89%         1    None
 Blink                    Tloc           N/A          96%         2    #......
 Call Imp                 Summ           #.......     96%         2    #......
 Passwall                 Tmut/Erth      #.......     96%         2    #......
 Slow                     Hex            #.......     96%         2    #......
 Call Canine Familiar     Summ           #.......     99%         3    ###....
 Summon Guardian Golem    Hex/Summ       #.......     99%         3    ###....
 Petrify                  Tmut/Erth      #.......     100%        4    ####...
 Summon Ice Beast         Ice/Summ       #.......     100%        4    ####...
 Summon Lightning Spire   Summ/Air       #.......     100%        4    ####...
 Lee's Rapid Deconstruct  Erth           #.........   100%        5    ######.


Dungeon Overview and Level Annotations

Branches:
Dungeon (8/15)             Temple (1/1) D:7
   Lair: D:8-11

Altars:
Ashenzari
Cheibriados
Dithmenos
Elyvilon
Fedhas
Gozag
Hepliaklqana
Kikubaaqudgha
Makhleb
Nemelex Xobeh
Okawaru
Qazlal
Ru
Sif Muna
Trog
Uskayaw
Vehumet
Wu Jian
Xom
Yredelemnul
Zin
The Shining One


Innate Abilities, Weirdness & Mutations

You are resistant to torment.
Your stone body is resilient. (AC +7)
You are immune to poison.
You resist negative energy. (rN+)
You are resistant to electric shocks. (rElec)
You can survive without breathing.
You are immune to petrification.
You are immune to rotting.


Message History

The two-headed ogre hits you with a +0 giant spiked club!
The two-headed ogre hits you with a +0 giant club.
You are too injured to fight recklessly!
Evoke which item? (* to show all) (? for menu, Esc to quit)
Aiming: Corrosive Bolt
Press: ? - help, Shift-Dir - straight line, f - two-headed ogre
Aim: a two-headed ogre, wielding a +0 giant spiked club and a +0 giant club (heavily wounded)
The bolt of acid hits the two-headed ogre!
The two-headed ogre is splashed with acid.
The acid corrodes the two-headed ogre!
The two-headed ogre is almost dead.
The now-empty wand crumbles to dust.
Quiver which item? (- for none, * to show all) (? for menu, Esc to quit)
Okay, then.
Evoke which item? (* to show all) (? for menu, Esc to quit)
Okay, then.
You hit the two-headed ogre.
The two-headed ogre is almost dead.
The two-headed ogre hits you with a +0 giant spiked club!
You die...

..........###.####
..........###.#
......##....#.#######
......###............
########..÷.....####
##....#.[...##
##..#.####.#..#
#.....# #..#.##
##.##### ##..@.# #..#
#.<.#O# ####
#(...#.#.#
#..####.#.. #..
#.##># .. #.# .. .
..# ..# ... ... ..#


You could see a two-headed ogre.

Vanquished Creatures
  A hippogriff (D:8)
  A spriggan (D:7)
  A hungry ghost (D:7)
  Menkaure (D:6)
  A water moccasin (D:7)
  Duvessa (D:6)
  2 orc warriors (D:6)
  A black bear (D:5)
  An ice beast (D:6)
  A necrophage (D:6)
  3 sky beasts
  2 ogres (D:4)
  A phantom (D:6)
  A centaur (D:7)
  Blork the orc (D:6)
  A big kobold (D:5)
  4 bullfrogs
  Dowan (D:6)
  3 scorpions
  3 killer bees (D:7)
  A jelly (D:5)
  2 howler monkeys
  3 crimson imps
  An orc priest (D:4)
  5 hounds
  Jessica (D:2)
  A bullfrog skeleton (D:6)
  6 orc wizards
  2 iguanas
  7 worker ants
  3 hound skeletons
  3 gnolls (D:2)
  10 adders
  A shadow imp (D:6)
  An ooze (D:4)
  3 worms
  3 dart slugs
  9 leopard geckos
  18 orcs
  5 giant cockroaches
  3 goblins
  5 hobgoblins
  7 jackals
  14 kobolds
  6 quokkas
  4 ball pythons
  4 bats
  17 frilled lizards
  A quokka skeleton (D:6)
  4 rats (D:1)
181 creatures vanquished.

Vanquished Creatures (others)
  An orc wizard (D:3)
  4 plants (D:4)
5 creatures vanquished.

Grand Total: 186 creatures vanquished

Notes
Turn   | Place    | Note
-------+----------+-------------------------------------------
     0 | D:1      | night the Gargoyle Gladiator began the quest for the Orb.
     0 | D:1      | Reached XP level 1. HP: 12/12 MP: 1/1
    38 | D:1      | Reached XP level 2. HP: 10/17 MP: 2/2
   471 | D:1      | Reached skill level 4 in Staves
   494 | D:1      | Reached XP level 3. HP: 16/21 MP: 3/3
   803 | D:2      | Reached XP level 4. HP: 26/26 MP: 4/4
   839 | D:2      | Found a basalt altar of Yredelemnul.
   840 | D:2      | Found a hide-covered altar of Uskayaw.
   842 | D:2      | Found a stormy altar of Qazlal.
   842 | D:2      | Found a sparkling altar of Nemelex Xobeh.
   842 | D:2      | Found a radiant altar of Vehumet.
   844 | D:2      | Found a snail-covered altar of Cheibriados.
   845 | D:2      | Found a deep blue altar of Sif Muna.
   859 | D:2      | Became a worshipper of Vehumet
   899 | D:2      | Reached skill level 5 in Staves
  1174 | D:2      | Noticed Jessica
  1200 | D:2      | Killed Jessica
  1200 | D:2      | Reached XP level 5. HP: 25/30 MP: 5/5
  1592 | D:3      | Reached skill level 6 in Staves
  1970 | D:3      | Reached * piety under Vehumet
  1970 | D:3      | Offered knowledge of Freeze by Vehumet.
  2301 | D:4      | Noticed an ogre
  2311 | D:4      | Reached skill level 1 in Spellcasting
  2311 | D:4      | Reached XP level 6. HP: 34/35 MP: 5/7
  2529 | D:4      | Found a glowing drain.
  2537 | D:4      | Reached skill level 7 in Staves
  2537 | D:4      | Reached XP level 7. HP: 32/40 MP: 10/10
  3036 | D:4      | Reached ** piety under Vehumet
  3036 | D:4      | Offered knowledge of Throw Frost by Vehumet.
  3453 | D:5      | Entered Level 5 of the Dungeon
  3458 | D:5      | Learned a level 1 spell: Magic Dart
  3562 | D:5      | Learned a level 3 spell: Mephitic Cloud
  3640 | D:5      | Reached skill level 1 in Conjurations
  3640 | D:5      | Reached XP level 8. HP: 42/44 MP: 13/13
  3730 | D:5      | Reached skill level 8 in Staves
  3887 | D:5      | Offered knowledge of Static Discharge by Vehumet.
  3892 | D:5      | Learned a level 3 spell: Static Discharge
  4672 | D:6      | Noticed Duvessa
  4672 | D:6      | Noticed Dowan
  4691 | D:6      | Killed Duvessa
  4691 | D:6      | Reached *** piety under Vehumet
  4695 | D:6      | Noticed Blork the orc
  4702 | D:6      | Killed Dowan
  4704 | D:6      | Killed Blork the orc
  4704 | D:6      | Reached skill level 5 in Spellcasting
  4903 | D:6      | HP: 1/44 [orc warrior/+0 battleaxe (15)]
  4917 | D:6      | Reached XP level 9. HP: 14/48 MP: 17/17
  5178 | D:6      | Reached skill level 9 in Staves
  5401 | D:6      | Noticed Menkaure
  5406 | D:6      | Killed Menkaure
  5406 | D:6      | Reached skill level 5 in Conjurations
  5527 | D:6      | Offered knowledge of Airstrike by Vehumet.
  5533 | D:6      | Learned a level 4 spell: Airstrike
  5678 | D:6      | Found a shadowy altar of Dithmenos.
  5942 | D:7      | Reached skill level 1 in Air Magic
  6376 | D:7      | Reached **** piety under Vehumet
  6469 | D:7      | Found a staircase to the Ecumenical Temple.
  6486 | Temple   | Entered the Ecumenical Temple
  6486 | Temple   | Paralysed by fainting for 11 turns
  6766 | D:7      | Offered knowledge of Olgreb's Toxic Radiance by Vehumet.
  6954 | D:7      | Reached XP level 10. HP: 50/53 MP: 18/20
  7286 | D:8      | Noticed a two-headed ogre
  7294 | D:8      | Slain by a two-headed ogre

Skill      XL: |  1  2  3  4  5  6  7  8  9 |
---------------+----------------------------+-----
Staves         | 4 5 6 7 8 9 |  9.9
Spellcasting   | 1 2 3 5 6 |  6.9
Conjurations   | 1 4 6 |  6.7
Air Magic      | 2 |  2.9
Fighting       | |  2.1
Throwing       | |  1.7
Dodging        | |  2.4

Action                   |  1- 3 |  4- 6 |  7- 9 | 10-12 || total
-------------------------+-------+-------+-------+-------++-------
Melee: Quarterstaff      |   105 |   159 |   580 |    52 ||   896
Evoke: Wand              |       |       |     7 |     1 ||     8
  Use: Scroll            |       |     6 |     7 |     1 ||    14
       Potion            |       |       |     3 |       ||     3
  Eat: Chunk             |       |     5 |    18 |     1 ||    24
Armor: Leather armour    |    43 |    31 |       |       ||    74
       Plate armour      |       |    37 |   436 |    43 ||   516
Dodge: Dodged            |    95 |    72 |   137 |     8 ||   312
